 Dungeon Sprint DCSS version 0.17-a0-1655-g88a8506 (webtiles) character file.

749 Kidiri the Covert (level 7, -10/31 (32) HPs)
             Began as a Spriggan Enchanter on Aug 15, 2015.
             Mangled by a kraken (41 damage)
             ... in the Dungeon (Sprint II: "The Violet Keep of Menkaure").
             The game lasted 00:03:06 (315 turns).

Kidiri the Covert (Spriggan Enchanter)               Turns: 315, Time: 00:03:06

HP:   -10/31 (32)   AC:  3    Str:  4    XL:     7   Next: 48%
MP:   20/20         EV: 27    Int: 17    God:
Gold: 983           SH:  0    Dex: 18    Spells: 5 memorised, 12 levels left

rFire  . . .     SeeInvis +     a - +1 dagger
rCold  . . .     Clarity  .     b - +1 robe
rNeg   . . .     SustAt   .     (shield restricted)
rPois  .         Gourm    .     (helmet restricted)
rElec  .         Spirit   .     (no cloak)
rCorr  .         Warding  .     (gloves unavailable)
rMut   .         NoTele   +     (boots unavailable)
MR     +....                    (no amulet)
Stlth  ++++++....               (no ring)
                                (no ring)

@: very quick, somewhat resistant to hostile enchantments, very stealthy
A: unfitting armour, see invisible, herbivore 3, speed 3, slow metabolism 2
a: no special abilities


You were in the Dungeon.
You were not hungry.

You visited 1 branch You collected 983 gold pieces.

Inventory:

Hand weapons
 a - a +1 dagger (weapon)
Armour
 b - a +1 robe (worn)
Scrolls
 j - a scroll of blinking
Potions
 e - a potion of curing
 f - a potion of heal wounds
 g - a potion of haste
 h - a potion of magic
 i - a potion of berserk rage
Books
 c - a book of Maledictions

   Spells                             Type                      Level
   a - Corona                         Hexes                        1
   b - Ensorcelled Hibernation        Hexes/Ice                    2
   c - Confuse                        Hexes                        3
   d - Tukima's Dance                 Hexes                        3
   e - Dazzling Spray                 Conjuration/Hexes            3
Comestibles
 d - a bread ration


   Skills:
 + Level 5.9 Short Blades
 * Level 11.0 Dodging
 * Level 12.3 Stealth
 * Level 9.3 Spellcasting
 + Level 3.2 Conjurations
 + Level 7.6 Hexes
 + Level 3.5 Ice Magic


You had 12 spell levels left.
You knew the following spells:

 Your Spells              Type           Power        Failure   Level  Hunger
a - Corona                Hex            ####...      1%          1    None
b - Ensorcelled Hibernat  Hex/Ice        ####..       1%          2    None
c - Confuse               Hex            ####....     1%          3    None
d - Tukima's Dance        Hex            ####....     1%          3    None
e - Dazzling Spray        Conj/Hex       ####....     3%          3    None


Dungeon Overview and Level Annotations

Branches:
Dungeon (1/1)

Altars:

Shops:
D =%(?[!(}[!=


Innate Abilities, Weirdness & Mutations

You are tiny and cannot use many weapons and most armour.
You have supernaturally acute eyesight.
You are a herbivore.
You cover ground extremely quickly.
You need consume almost no food.


Message History

You kill the hell rat!
You now have 983 gold pieces (gained 11).
You see here a hell rat corpse.
There is an open door here.
You enter the shallow water.
Moving in this stuff is going to be slow.
You close the door.
There is an open door here.
You close the door.
There is an open door here.
You close the door.
There is a staircase leading out of the dungeon here.
You open the door.
There is an open door here.
You open the door.
There is an open door here.
A kraken comes into view.
The kraken bites you!!!
Ouch! That really hurt!
You die...

+#### ..§..§§##
§§§§§§§## .§8§§§§§#
§§§§§§ # §.§§
###≈≈#+++#+++##
######≈≈≈..@......#
.....#≈≈≈≈X##'##..#
..⌠...#≈≈≈≈##.#.##
.∩.∩..#≈≈≈≈#%.#.%#
∩.∩.∩.#≈≈#####.#####
.∩.∩.∩#≈##.###'###%##
∩...∩.#≈#..%##.##.#.#
.....∩+≈+.##+.<.+##.+
......#≈#...##.###%.#


You could see a kraken.

Vanquished Creatures
  4 necrophages (D)
  4 brain worms (D)
  A hell rat (D)
  4 worker ants (D)
  3 worms (D)
16 creatures vanquished.

Notes
Turn   | Place    | Note
--------------------------------------------------------------
     0 | D        | Kidiri the Spriggan Enchanter began the quest for the Orb.
     0 | D        | Reached XP level 1. HP: 9/9 MP: 5/5
     1 | D        | Noticed a worker ant
     1 | D        | Noticed a worker ant
     4 | D        | Noticed a necrophage
     4 | D        | Noticed a necrophage
     4 | D        | Noticed a necrophage
     4 | D        | Noticed a necrophage
    10 | D        | Noticed a brain worm
    16 | D        | Killed a brain worm
    16 | D        | Reached skill level 6 in Dodging
    16 | D        | Reached skill level 7 in Stealth
    16 | D        | Reached skill level 5 in Spellcasting
    16 | D        | Reached XP level 2. HP: 13/13 MP: 6/9
    16 | D        | Reached XP level 3. HP: 16/16 MP: 6/10
    16 | D        | Reached XP level 4. HP: 21/21 MP: 7/12
    17 | D        | Noticed a brain worm
    25 | D        | Learned a level 2 spell: Ensorcelled Hibernation
    29 | D        | Learned a level 3 spell: Confuse
    33 | D        | Learned a level 3 spell: Tukima's Dance
    37 | D        | Learned a level 3 spell: Dazzling Spray
    61 | D        | Killed a brain worm
    61 | D        | Reached skill level 8 in Stealth
    61 | D        | Reached skill level 1 in Conjurations
    61 | D        | Reached skill level 5 in Hexes
    61 | D        | Reached skill level 1 in Ice Magic
    61 | D        | Reached XP level 5. HP: 24/24 MP: 10/14
    64 | D        | Noticed a brain worm
    64 | D        | Noticed a brain worm
    66 | D        | Killed a brain worm
    66 | D        | Reached skill level 9 in Stealth
    68 | D        | Killed a brain worm
    68 | D        | Reached skill level 10 in Stealth
    68 | D        | Reached XP level 6. HP: 28/28 MP: 12/17
   120 | D        | Killed a worker ant
   122 | D        | Noticed a worker ant
   122 | D        | Noticed a worker ant
   123 | D        | Killed a worker ant
   125 | D        | Killed a worker ant
   125 | D        | Reached skill level 5 in Short Blades
   128 | D        | Killed a worker ant
   153 | D        | Killed a necrophage
   153 | D        | Reached skill level 10 in Dodging
   153 | D        | Reached skill level 11 in Stealth
   157 | D        | Killed a necrophage
   157 | D        | Reached XP level 7. HP: 27/32 MP: 1/20
   183 | D        | Killed a necrophage
   196 | D        | Killed a necrophage
   196 | D        | Reached skill level 12 in Stealth
   275 | D        | Found Yromex's Antique Armour Shoppe.
   275 | D        | Found Ovofesha's Distillery.
   275 | D        | Found Patilew's Antique Weapon Emporium.
   275 | D        | Found Uteg Xam's Gadget Emporium.
   275 | D        | Found Zeanue's Antique Armour Shoppe.
   275 | D        | Found Naaraopn's Distillery.
   276 | D        | Found Ewuege's Magic Scroll Shoppe.
   276 | D        | Found Ameoqeg's Weapon Emporium.
   277 | D        | Found Pesater's Jewellery Emporium.
   277 | D        | Found Higarph's Food Shoppe.
   277 | D        | Found Xeagolez's Jewellery Emporium.
   282 | D        | Noticed a hell rat
   284 | D        | Killed a hell rat
   312 | D        | Noticed an ice statue
   314 | D        | Noticed a kraken
   315 | D        | Mangled by a kraken

Vault maps used:
D:        the_violet_keep_of_menkaure

Action                   |  1- 3 |  4- 6 |  7- 9 || total
-------------------------+-------+-------+-------++-------
Melee: Dagger            |     2 |    16 |    28 ||    46
 Cast: Ensorcelled Hiber |       |     4 |       ||     4
       Confuse           |       |     4 |     4 ||     8
       Dazzling Spray    |       |     1 |       ||     1
       Corona            |       |       |     1 ||     1
  Use: Potion            |       |       |     1 ||     1
 Stab: Sleeping          |     1 |    10 |     1 ||    12
       Confused          |       |     2 |     2 ||     4
